 Dungeon Crawl Stone Soup version 0.27.0-1-g7a089689b8 (webtiles) character file.

Game seed: 7631489695366467931

4333 Balder the Cleaver (level 10, 0/121 HPs)
             Began as a Hill Orc Fighter on Aug 6, 2021.
             Was an Initiate of Jiyva.
             Slain by a stone giant (9 damage)
             ... created by the fury of Okawaru
             ... on level 10 of the Dungeon.
             The game lasted 00:46:46 (11553 turns).

Balder the Cleaver (Hill Orc Fighter)              Turns: 11553, Time: 00:46:47

Health: 0/121      AC: 22    Str: 20    XL:     10   Next: 33%
Magic:  13/13      EV:  5    Int:  8    God:    Jiyva [......]
Gold:   268        SH: 11    Dex: 13    Spells: 9/9 levels left

rFire    x . .     SeeInvis .   b - +2 hand axe (flame)
rCold    + . .     Faith    .   c - +0 kite shield
rNeg     . . .     Spirit   .   h - +1 plate armour
rPois    .         Reflect  .   L - +1 hat
rElec    .         Harm     .   B - +0 cloak
rCorr    .         Rampage  .   g - +0 pair of gloves
Will     .....                  (no boots)
Stlth    ..........             (no amulet)
HPRegen  0.30/turn              q - ring of ice
MPRegen  0.13/turn              x - +4 ring of protection

@: berserking, hasted, studying Crossbows, very quick
A: no striking features
a: Renounce Religion


You were on level 10 of the Dungeon.
You worshipped Jiyva.
Jiyva was noncommittal.
You visited 1 branch of the dungeon, and saw 10 of its levels.

You collected 398 gold pieces.
You spent 130 gold pieces at shops.

Inventory:

Hand Weapons
 a - a +4 spear
 b - a +2 hand axe of flaming (weapon)
 j - a +0 trident of freezing
 p - a +0 war axe
 M - a +2 antimagic hand axe
Missiles
 n - 13 poisoned darts
 K - 2 boomerangs (quivered)
Armour
 c - a +0 kite shield (worn)
 g - a +0 pair of gloves (worn)
 h - a +1 plate armour (worn)
 i - a +0 helmet
 B - a +0 cloak (worn)
 L - a +1 hat (worn)
Jewellery
 q - a ring of ice (left hand)
 x - a +4 ring of protection (right hand)
 y - an amulet of reflection
 A - an amulet of the acrobat
 G - a ring of ice
Wands
 v - a wand of digging (6)
 I - a wand of polymorph (10)
 J - a wand of paralysis (8)
 P - a wand of flame (31)
Scrolls
 f - a scroll of enchant weapon {unknown}
 k - a scroll of vulnerability {unknown}
 r - a scroll of teleportation {unknown}
 s - a scroll of magic mapping {unknown}
 u - 2 scrolls of blinking
 w - a scroll of holy word {unknown}
 z - a scroll of fear {unknown}
 C - a scroll of immolation
 N - a scroll of identify
Potions
 d - a potion of magic
 e - a potion of brilliance {unknown}
 l - a potion of lignification {unknown}
 m - 3 potions of cancellation {unknown}
 o - a potion of ambrosia {unknown}
 t - 3 potions of invisibility
 E - a potion of degeneration {unknown}
 F - a potion of attraction {unknown}


   Skills:
 + Level 5.4 Fighting
 * Level 11.9 Axes
 * Level 3.7 Throwing
 * Level 7.4 Armour
 + Level 1.6 Dodging
 + Level 0.1 Stealth
 * Level 7.8 Shields
 * Level 4.5 Invocations
 - Level 2.2 Evocations


You had 9 spell levels left.
You didn't know any spells.
Your spell library contained the following spells:

 Spells                   Type           Power      Damage    Failure   Level
 Pain                     Necr           0%         1d4       100%        1
 Blink                    Tloc           N/A        N/A       100%        2
 Static Discharge         Conj/Air       0%         N/A       100%        2
 Stone Arrow              Conj/Erth      0%         3d7       100%        3
 Animate Armour           Summ/Erth      0%         N/A       100%        4
 Dispel Undead            Necr           0%         3d6       100%        4
 Sticky Flame             Conj/Fire      0%         2d3       100%        4
 Agony                    Necr           0%         N/A       100%        5
 Excruciating Wounds      Necr           0%         N/A       100%        5
 Manifold Assault         Tloc           0%         N/A       100%        5
 Storm Form               Tmut/Air       0%         N/A       100%        7
 Lehudib's Crystal Spear  Conj/Erth      0%         10d2      100%        8


Dungeon Overview and Level Annotations

Branches:
Dungeon (10/15)            Temple (0/1) D:6
   Lair: D:8-11         Orc: D:9-12

Altars:
Cheibriados
Dithmenos
Fedhas
Okawaru
Qazlal
Yredelemnul
Beogh
Jiyva

Shops:
D:4 *

Annotations:
D:7 2 transporters


Message History

The orc warrior is almost dead.
You hit the stone giant but do no damage.
You closely miss the orc knight. You hit the orc warrior.
You burn the orc warrior. The stone giant hits you!
* * * LOW HITPOINT WARNING * * *
The orc knight hits you with a +0 war axe!
* * * LOW HITPOINT WARNING * * *
The orc warrior hits you with a +0 trident!
* * * LOW HITPOINT WARNING * * *
You block the orc warrior's attack. The orc hits you but does no damage.
A red film seems to cover your vision as you go berserk!
You feel yourself moving faster!
You feel mighty!
You hit the orc warrior. You burn the orc warrior.
You kill the orc warrior!
That felt strangely unrewarding.
You hit the orc warrior. You burn the orc warrior.
You closely miss the orc knight. You slash the stone giant!
You burn the stone giant. You block the stone giant's attack.
The orc hits you but does no damage.
You slash the ogre! You burn the ogre.
The ogre is moderately wounded.
You hit the stone giant but do no damage.
You hit the orc knight but do no damage.
You hit the orc knight. You burn the orc knight. You barely miss the ogre.
The ogre is moderately wounded.
You hit the orc knight but do no damage.
Your plate armour prevents you from hitting the orc knight.
You hit the stone giant. You burn the stone giant.
The orc knight hits you but does no damage.
The ogre barely misses you. The stone giant hits you.
* * * LOW HITPOINT WARNING * * *
The orc warrior hits you from afar with a +0 trident.
* * * LOW HITPOINT WARNING * * *
The orc barely misses you.
You slash the ogre! You burn the ogre.
The ogre is almost dead.
You hit the orc knight. You burn the orc knight.
You closely miss the orc knight. You hit the stone giant.
You burn the stone giant. The stone giant hits you!
You die...

#######+##
##)[)##...#
#<)8.ooo8.+
##...##oCO#
#######@##
#o#


ooo #.8.# #...# ##<## ### You could see a stone giant, 2 orc knights, 2 orc
warriors, an ogre and 4 orcs.

Vanquished Creatures
  A troll (D:10)
  A yak (D:8)
  A basilisk (D:9)
  A steam dragon (D:6)
  Menkaure (D:4)
  An acid dragon (D:9)
  2 water moccasins
  5 orc warriors
  A sky beast (D:7)
  An ice beast (D:5)
  A black bear (D:5)
  A centaur (D:9)
  A phantom (D:5)
  A kobold brigand (D:9)
  A gnoll sergeant (D:7)
  5 scorpions
  2 water moccasin zombies
  3 water moccasin skeletons
  A killer bee (D:7)
  11 wights
  2 centaur zombies (D:6)
  2 orc priests
  Crazy Yiuf (D:5)
  6 hounds
  7 jellies
  A centaur skeleton (D:6)
  A gnoll shaman (D:7)
  3 iguanas
  3 bullfrog skeletons
  Natasha (thrice) (D:2)
  3 orc wizards
  A hound skeleton (D:2)
  A howler monkey zombie (D:9)
  Robin (D:2)
  8 gnolls
  2 adders (D:5)
  2 shadow imps (D:7)
  2 white imps
  2 ufetubi
  An adder zombie (D:5)
  An adder skeleton (D:5)
  2 worms (D:3)
  4 dart slugs
  32 orcs
  6 endoplasms
  A giant cockroach (D:3)
  24 goblins
  9 hobgoblins
  5 jackals
  3 quokkas
  10 ball pythons
  2 bats
  4 frilled lizards
  9 kobolds
  2 rats
208 creatures vanquished.

Vanquished Creatures (others)
  A jelly (D:9)
  A bullfrog skeleton (D:6)
  An iguana (D:6)
  4 gnolls (D:9)
  A fungus (D:8)
  11 plants (D:8)
19 creatures vanquished.

Grand Total: 227 creatures vanquished

Notes
Turn   | Place    | Note
-------+----------+-------------------------------------------
     0 | D:1      | Balder the Hill Orc Fighter began the quest for the Orb.
     0 | D:1      | Reached XP level 1. HP: 19/19 MP: 1/1
   166 | D:1      | Reached XP level 2. HP: 21/27 MP: 2/2
   431 | D:1      | Reached skill level 3 in Axes
   713 | D:1      | Reached XP level 3. HP: 31/33 MP: 3/3
   856 | D:1      | Found a faded altar of an unknown god.
   986 | D:2      | Noticed Robin
  1010 | D:2      | Killed Robin
  1011 | D:2      | Reached XP level 4. HP: 12/40 MP: 4/4
  1288 | D:2      | Reached skill level 4 in Axes
  1413 | D:2      | Noticed Natasha
  1420 | D:2      | Killed Natasha
  1421 | D:2      | Reached skill level 1 in Dodging
  1448 | D:2      | Noticed Natasha
  1464 | D:2      | Killed Natasha
  1465 | D:2      | Reached XP level 5. HP: 10/46 MP: 5/5
  1562 | D:2      | Noticed Natasha
  1580 | D:2      | Killed Natasha
  3538 | D:3      | Reached skill level 5 in Axes
  3765 | D:4      | Reached XP level 6. HP: 52/52 MP: 6/6
  3791 | D:4      | Noticed Menkaure
  3803 | D:4      | HP: 1/52 [Menkaure/nerve-wracking pain (3)]
  3806 | D:4      | Killed Menkaure
  4078 | D:4      | Found Koocuimeti's Assorted Antiques.
  4093 | D:4      | Bought a twisted sapphire ring for 130 gold pieces
  4251 | D:4      | Reached skill level 5 in Shields
  4445 | D:4      | Reached XP level 7. HP: 36/59 MP: 7/7
  4812 | D:5      | Entered Level 5 of the Dungeon
  4836 | D:5      | Reached skill level 6 in Axes
  4836 | D:5      | Reached skill level 1 in Throwing
  4836 | D:5      | Reached skill level 1 in Evocations
  4889 | D:5      | Reached skill level 5 in Armour
  5374 | D:5      | Reached skill level 7 in Axes
  5385 | D:5      | Reached XP level 8. HP: 54/67 MP: 8/8
  5458 | D:5      | Found a runed translucent door.
  5459 | D:5      | Noticed Crazy Yiuf
  5471 | D:5      | Killed Crazy Yiuf
  6265 | D:5      | Reached skill level 8 in Axes
  6984 | D:6      | Found a blossoming altar of Fedhas.
  7045 | D:6      | Reached skill level 9 in Axes
  7069 | D:6      | Found an iron altar of Okawaru.
  7081 | D:6      | Became a worshipper of Warmaster Okawaru
  7246 | D:6      | Reached skill level 1 in Invocations
  7246 | D:6      | Reached XP level 9. HP: 30/72 MP: 9/9
  7454 | D:6      | Found a snail-covered altar of Cheibriados.
  7457 | D:6      | Found a shadowy altar of Dithmenos.
  7886 | D:6      | Reached skill level 10 in Axes
  7889 | D:6      | Reached * piety under Okawaru
  7995 | D:6      | Found a staircase to the Ecumenical Temple.
  8545 | D:7      | Found a transporter.
  8548 | D:7      | Noticed an ogre mage
  9378 | D:7      | Reached skill level 5 in Fighting
  9617 | D:7      | Found a basalt altar of Yredelemnul.
  9661 | D:7      | Found a roughly hewn altar of Beogh.
  9661 | D:7      | Found a transporter.
  9840 | D:8      | Reached ** piety under Okawaru
  9841 | D:8      | Reached skill level 11 in Axes
  9896 | D:9      | Reached XP level 10. HP: 23/81 MP: 10/12
 10319 | D:9      | Found a stormy altar of Qazlal.
 10702 | D:9      | Found a viscous altar of Jiyva.
 11032 | D:9      | Fell from the grace of Okawaru
 11032 | D:9      | Became a worshipper of Jiyva Jakexow the Shapeless
 11295 | D:9      | Noticed a deep elf archer
 11295 | D:9      | Noticed a naga warrior
 11298 | D:10     | Entered Level 10 of the Dungeon
 11539 | D:10     | Noticed an orc knight
 11539 | D:10     | Noticed an orc knight
 11539 | D:10     | Noticed a stone giant
 11553 | D:10     | Slain by a stone giant

Illustrated notes

Levels and vault maps discovered:
D:1:      minmay_arrival_four_loops, layout_basic,
          hellmonk_ecumenical_altar_inner_sanctum, hex_medium, minivault_14
D:2:      layout_loops_corners, uniq_natasha, uniq_robin
D:3:      layout_basic, minmay_hedge_maze
D:4:      layout_loops_ring, serial_shops, nicolae_square_shop,
          kennysheep_generic_room_9, uniq_menkaure
D:5:      layout_loops_ring, hangedman_minor_gate_pass, uniq_crazy_yiuf_cottage
D:6:      layout_layer_cave, fedhas_altar_1, jmf_multi_god_temple,
          okawaru_ov_weapons_minmay, temple_hall, kennysheep_nondescript,
          minmay_door_square
D:7:      gammafunk_beogh_shrine, layout_basic, kennysheep_mini,
          minmay_manual_mandibuliform
D:8:      layout_loops_ring, minmay_lair_entry_grove
D:9:      corexii_shack_village, layout_loops_ring,
          nicolae_qazlal_scattered_showers, jiyva_altar_1, uniq_erolcha
D:10:     layout_roguey, grunt_ministairs_5, kennysheep_generic_room_14,
          uniq_nergalle

Skill      XL: |  1  2  3  4  5  6  7  8  9 10 |
---------------+-------------------------------+-----
Axes           | 3 4 5 7 9 11 | 11.9
Armour         | 4 5 6 7 |  7.4
Dodging        | 1 |  1.6
Fighting       | 4 5 |  5.4
Shields        | 4 5 6 7 |  7.8
Throwing       | 1 2 3 |  3.7
Evocations     | 1 2 |  2.2
Invocations    | 1 3 4 |  4.5
Stealth        | |  0.1

Action                   |  1- 3 |  4- 6 |  7- 9 | 10-12 || total
-------------------------+-------+-------+-------+-------++-------
Melee: War axe           |    81 |   164 |   191 |       ||   436
       Hand axe          |       |       |   270 |   161 ||   431
Throw: Dart              |       |     2 |     5 |       ||     7
       Boomerang         |       |       |     8 |     5 ||    13
Invok: Heroism           |       |       |     3 |       ||     3
Evoke: Wand              |       |       |     9 |       ||     9
  Use: Potion            |     1 |     2 |     4 |     4 ||    11
       Scroll            |       |     4 |     3 |     4 ||    11
Armor: Scale mail        |    38 |    28 |       |       ||    66
       Chain mail        |       |    39 |   144 |       ||   183
       Plate armour      |       |       |   118 |    66 ||   184
Dodge: Dodged            |    20 |    44 |    99 |    25 ||   188
Block: Kite shield       |    42 |    85 |   247 |    76 ||   450
